 Dungeon Crawl Stone Soup version 0.31-a0-1589-g8f5e8aebd6 (webtiles) character file.

Game seed: 864819099443844767

5038 shadizar the Arsonist (level 10, 0/64 HPs)
             Began as a Gargoyle Fire Elementalist on Jan 5, 2024.
             Was a Follower of Vehumet.
             Slain by a warg (16 damage)
             ... on level 9 of the Dungeon.
             The game lasted 00:25:22 (11328 turns).

shadizar the Arsonist (Gargoyle Fire Elementalist) Turns: 11328, Time: 00:25:23

Health: 0/64       AC: 13    Str: 11    XL:     10   Next: 55%
Magic:  10/20      EV: 12    Int: 21    God:    Vehumet [*.....]
Gold:   415        SH:  0    Dex: 10    Spells: 20/23 levels left

rFire   . . .        B - +3 mace
rCold   . . .        z - orb {light}
rNeg    + . .        a - +1 robe
rPois   ∞            (no helmet)
rElec   +            g - +2 cloak
rCorr   .            (no gloves)
SInv    +            (no boots)
Will    .....        (no amulet)
Stlth   +            p - ring of see invisible
HPRegen 0.30/turn    (no ring)
MPRegen 0.17/turn

%: no passive effects
@: glowing
A: sickness immunity, AC +7, negative energy resistance 1, electricity
resistance, torment resistance 1, petrification resistance
a: Renounce Religion


You were on level 9 of the Dungeon.
You worshipped Vehumet.
Vehumet was aware of your devotion.
You visited 2 branches of the dungeon, and saw 10 of its levels.
You also visited: Ossuary.

You collected 415 gold pieces.

Inventory:

Hand Weapons
 B - a +3 mace (weapon)
Armour
 a - a +1 robe (worn)
 g - a +2 cloak (worn)
 l - a +0 buckler
 o - the +7 scale mail of Refuge {rF- Str+4 Int+2}
   (You found it on level 3 of the Dungeon)

   Str+4:     It affects your strength (+4).
   Int+2:     It affects your intelligence (+2).
   rF-:       It makes you vulnerable to fire.
 r - a +0 scale mail
 v - the +0 chain mail of Ekotyep {Rampage *Slow +Inv Str+5}
   (You found it on level 4 of the Dungeon)

   Str+5:     It affects your strength (+5).
   +Inv:      It lets you turn invisible.
   *Slow:     It may slow you when you take damage.
   Rampage:   It bestows one free step when moving towards enemies.
 y - a scarf of resistance
 z - an orb of light (worn)
 E - +0 storm dragon scales
Magical Staves
 h - a staff of earth
Jewellery
 p - a ring of see invisible (left hand)
Wands
 C - a wand of polymorph (10)
 D - a wand of charming (9)
Scrolls
 d - 4 scrolls of teleportation
 e - 4 scrolls of amnesia
 f - a scroll of vulnerability
 k - 2 scrolls of identify
 w - 4 scrolls of enchant armour
 A - a scroll of brand weapon
Potions
 b - a potion of magic
 c - 5 potions of cancellation
 i - 2 potions of berserk rage
 j - 3 potions of curing
 n - 2 potions of might
 s - a potion of haste
 u - 3 potions of brilliance


   Skills:
 + Level 8.0 Fighting
 + Level 3.6 Armour
 - Level 1.6 Dodging
 - Level 2.3 Stealth
 + Level 7.1 Spellcasting
 + Level 8.0 Conjurations
 + Level 8.1 Fire Magic


You had 20 spell levels left.
You knew the following spells:

 Your Spells              Type           Power      Damage    Failure   Level
a - Foxfire               Conj/Fire      100%       2x1d9     1%          1
b - Scorch                Fire           82%        2d8       1%          2

Your spell library contained the following spells:

 Spells                   Type           Power      Damage    Failure   Level
 Freeze                   Ice            28%        1d5       9%          1
 Magic Dart               Conj           100%       1d8       1%          1
 Flame Wave               Conj/Fire      41%        2d11      3%          4
 Inner Flame              Hex/Fire       24%        N/A       4%          3
 Stone Arrow              Conj/Erth      48%        3d10      4%          3
 Volatile Blastmotes      Fire/Tloc      48%        2d14      4%          3
 Summon Small Mammal      Summ           28%        N/A       9%          1
 Blink                    Tloc           14%        N/A       13%         2
 Call Imp                 Summ           14%        N/A       13%         2
 Ensorcelled Hibernation  Hex/Ice        14%        N/A       13%         2
 Lesser Beckoning         Tloc           14%        N/A       13%         2
 Summon Blazeheart Golem  Fire/Summ      24%        N/A       16%         4
 Call Canine Familiar     Summ           7%         N/A       26%         3
 Fugue of the Fallen      Necr           7%         N/A       26%         3
 Gell's Gravitas          Tloc           7%         N/A       26%         3
 Ozocubu's Armour         Ice            7%         N/A       26%         3
 Teleport Other           Tloc           7%         N/A       26%         3
 Anguish                  Hex/Necr       3%         N/A       65%         4
 Animate Armour           Summ/Erth      14%        N/A       65%         4
 Manifold Assault         Tloc           7%         N/A       65%         4
 Lehudib's Crystal Spear  Conj/Erth      12%        10d4      100%        8


Dungeon Overview and Level Annotations

Branches:
Dungeon (9/15)             Temple (1/1) D:5             Orc (0/2) D:9
Ossuary (visited)
   Lair: D:8-11

Altars:
Ashenzari
Cheibriados
Dithmenos
Elyvilon
Fedhas
Gozag
Hepliaklqana
Makhleb
Nemelex Xobeh
Okawaru
Qazlal
Ru
Sif Muna
Uskayaw
Vehumet
Wu Jian
Yredelemnul
Zin
The Shining One

Shops:
D:3 *

Annotations:
D:4 3 runed translucent doors, AquilaWing's ghost, novice HOCA
D:5 1 runed translucent door, Crazy Yiuf
D:7 2 transporters, Flugslaktarn's ghost, novice MiFi


Innate Abilities, Weirdness & Mutations

You are immune to sickness and miasma.
Your stone body is resilient. (AC +7)
You are immune to poison.
You resist negative energy. (rN+)
You are resistant to electric shocks. (rElec)
You are resistant to unholy torment.
You are immune to petrification.


Message History

Your foxfire dissipates!
The foxfire hits the warg.
The warg is lightly wounded.
The warg bites you but does no damage.
Casting: Foxfire (safe; 1% risk of failure)
Confirm with . or Enter, or press ? or * to list all spells.
You conjure some foxfire!
The warg completely misses you. The warg bites you but does no damage.
The foxfire hits the warg.
The warg is lightly wounded.
The foxfire hits the warg but does no damage.
The warg is lightly wounded.
The warg barely misses you. The warg bites you.
Casting: Foxfire (safe; 1% risk of failure)
Confirm with . or Enter, or press ? or * to list all spells.
You conjure some foxfire!
The warg bites you! The warg barely misses you.
Your foxfire dissipates!
The foxfire hits the warg but does no damage.
The warg attacks as it pursues you! The warg barely misses you.
The warg bites you but does no damage. The warg misses you.
The warg closely misses you. The warg bites you. The warg closely misses you.
The warg misses you. The warg bites you!
* * * LOW HITPOINT WARNING * * *
Okay, then.
Okay, then.
Casting: Foxfire (safe; 1% risk of failure)
Confirm with . or Enter, or press ? or * to list all spells.
Flames lash the warg but do no damage.
The warg misses you.
Casting: Scorch (safe; 1% risk of failure)
Confirm with . or Enter, or press ? or * to list all spells.
Flames lash the warg but do no damage.
The warg barely misses you. The warg bites you!
* * * LOW HITPOINT WARNING * * *
Casting: Scorch (safe; 1% risk of failure)
Confirm with . or Enter, or press ? or * to list all spells.
Flames lash the warg but do no damage.
The warg closely misses you.
You feel better. The warg barely misses you. The warg bites you!
You die...

#...# #.####
##)..#####
##.)...##
#.......+
#..#)#..#
#.##.##.#
#.#...#.#
#.#...#.#
#.##@##.#
#..#h#..# '#.
#..hh..# .h.
#.....## 8.8.
##...)##
.....
##....#......
###...).....
####......
###>##


You could see 3 wargs.

Vanquished Creatures
  A two-headed ogre (D:8)
  A troll (D:6)
  A wyvern (D:7)
  A vampire (D:9)
  3 yaks (D:8)
  Menkaure (D:5)
  A water moccasin (D:6)
  An acid dragon (D:8)
  A black bear (D:6)
  An ice beast (D:6)
  2 ogres
  4 centaurs
  2 phantoms
  A kobold brigand (D:8)
  An elf zombie (Ossuary)
  A weeping skull (Ossuary)
  A gnoll sergeant (D:9)
  3 bullfrogs (D:6)
  A scorpion (D:5)
  4 wights (D:8)
  6 killer bees
  5 howler monkeys
  3 centaur zombies (Ossuary)
  4 human zombies (Ossuary)
  A bullfrog zombie (D:5)
  5 hounds
  2 jellies
  3 orc priests
  A sleepcap (D:7)
  A scorpion zombie (D:5)
  3 iguanas
  5 orc wizards
  2 crocodile zombies (Ossuary)
  2 hound zombies (Ossuary)
  3 mummies (Ossuary)
  8 gnolls
  9 adders
  2 shadow imps (D:5)
  4 ufetubi
  4 adder zombies (Ossuary)
  3 ribbon worms
  18 orcs
  3 endoplasms
  4 giant cockroaches
  6 goblins
  6 hobgoblins
  7 quokkas
  5 ball pythons
  4 ball python zombies (Ossuary)
  6 bats
  3 frilled lizards
  A gnoll zombie (Ossuary)
  6 jackal zombies
  8 kobolds
  A kobold zombie (Ossuary)
  An orc zombie (Ossuary)
  4 rats
191 creatures vanquished.

Vanquished Creatures (others)
  753 foxfires
753 creatures vanquished.

Grand Total: 944 creatures vanquished

Notes
Turn   | Place    | Note
-------+----------+-------------------------------------------
     0 | D:1      | shadizar the Gargoyle Fire Elementalist began the quest for
                  | the Orb.
     0 | D:1      | Reached XP level 1. HP: 10/10 MP: 3/3
   321 | D:1      | Reached XP level 2. HP: 15/15 MP: 1/5
  1200 | D:2      | Reached skill level 1 in Fighting
  1301 | D:2      | Reached XP level 3. HP: 20/20 MP: 4/6
  2425 | D:3      | Identified the +7 scale mail of Refuge {rF- Str+4 Int+2}
  2675 | D:3      | Found an opulent altar of Gozag.
  2677 | D:3      | Found Gozag's Platinum Reserve.
  2820 | D:3      | Reached XP level 4. HP: 17/25 MP: 5/7
  3555 | D:4      | Noticed AquilaWing's ghost (novice HOCA)
  3563 | D:4      | Found a runed translucent gate.
  3564 | D:4      | Found a runed translucent gate.
  3565 | D:4      | Found a runed translucent gate.
  3565 | D:4      | Identified the +1 sling of Trog's Benevolence {flame,
                  | Will+}
  3565 | D:4      | Identified the +1 ring mail of the Orb Guardian {^Drain
                  | rElec Int-3 Stlth+}
  3820 | D:4      | Identified the +0 chain mail of Ekotyep {Rampage *Slow +Inv
                  | Str+5}
  3987 | D:4      | Reached XP level 5. HP: 30/30 MP: 3/9
  4431 | D:4      | Reached XP level 6. HP: 36/36 MP: 4/10
  4666 | D:4      | Found a hazy altar of Hepliaklqana.
  4867 | D:5      | Entered Level 5 of the Dungeon
  4871 | D:5      | Learned a level 2 spell: Scorch
  4969 | D:5      | Reached XP level 7. HP: 41/41 MP: 4/12
  5049 | D:5      | Found a burning altar of Makhleb.
  5049 | D:5      | Found a shadowy altar of Dithmenos.
  5544 | D:5      | Reached skill level 5 in Fire Magic
  5552 | D:5      | Noticed Menkaure
  5557 | D:5      | Killed Menkaure
  5752 | D:5      | Found a staircase to the Ecumenical Temple.
  5815 | D:5      | Reached XP level 8. HP: 48/48 MP: 4/14
  5927 | D:5      | Found a basalt altar of Yredelemnul.
  6018 | D:5      | Found a runed translucent door.
  6019 | D:5      | Noticed Crazy Yiuf
  6212 | Temple   | Entered the Ecumenical Temple
  6338 | D:6      | Noticed a troll
  6353 | D:6      | Killed a troll
  6354 | D:6      | Reached skill level 5 in Fighting
  6354 | D:6      | Reached skill level 5 in Conjurations
  6362 | D:6      | Found a snail-covered altar of Cheibriados.
  6375 | D:6      | Reached skill level 5 in Spellcasting
  6438 | D:6      | Found a sand-covered staircase.
  6536 | Ossuary  | Entered an ossuary
  7153 | Ossuary  | Reached XP level 9. HP: 55/55 MP: 11/17
  8394 | D:7      | Found a radiant altar of Vehumet.
  8400 | D:7      | Became a worshipper of Vehumet
  8878 | D:7      | Found a transporter.
  8878 | D:7      | Noticed Flugslaktarn's ghost (novice MiFi)
  8879 | D:7      | Found a transporter.
  8880 | D:7      | Identified the +9 giant spiked club "Lojutoso" {heavy,
                  | ^Drain rPois MP-9 Int+6}
  8880 | D:7      | Noticed a two-headed ogre
  9153 | D:8      | Noticed a two-headed ogre
  9165 | D:8      | Killed a two-headed ogre
  9166 | D:8      | Reached XP level 10. HP: 36/63 MP: 6/19
 10771 | D:8      | Reached * piety under Vehumet
 10771 | D:8      | Offered knowledge of Freeze by Vehumet.
 11201 | D:9      | Found a staircase to the Orcish Mines.
 11204 | D:9      | HP: 2/64 [vampire (4)]
 11328 | D:9      | Slain by a warg

Illustrated notes

Levels and vault maps discovered:
D:1:      onia_arrival_mini_spirals, layout_loops_ring
D:2:      layout_loops_ring
D:3:      layout_basic, nicolae_gozag_zags_fifth_avenue
D:4:      layout_rooms, mainiacjoe_overflow_alcove_2, biasface_ghost_orc_armoury
D:5:      layout_basic, chequers_temple_overflow_statue_of_worship,
          lemuel_zombie_altar_yredelemnul, minmay_temple_entry_hall,
          uniq_menkaure, uniq_crazy_yiuf_cottage
D:6:      layout_cave_pods, mainiacjoe_overflow_cross_hatched, enter_ossuary_3
D:7:      layout_cave_pools, lemuel_round_altar, gammafunk_ghost_smash
D:8:      layout_basic
D:9:      layout_loops_ring, mainiacjoe_overflow_brackets, lemuel_crystal_altar,
          xom_shifter_show, lair_entry_dummy, david_orc_1_choice
Temple:   hellmonk_temple_forest_ring

Skill      XL: |  1  2  3  4  5  6  7  8  9 10 |
---------------+-------------------------------+-----
Fighting       | 1 2 3 4 5 7 8 |  8.0
Conjurations   | 2 3 4 5 7 8 |  8.0
Spellcasting   | 3 4 5 6 7 |  7.1
Fire Magic     | 4 5 6 7 8 |  8.1
Armour         | 2 3 |  3.6
Dodging        | |  1.6
Stealth        | |  2.3

Action                     |  1- 3 |  4- 6 |  7- 9 | 10-12 || total
---------------------------+-------+-------+-------+-------++-------
  Melee: Unarmed           |    10 |       |       |       ||    10
         Club              |     9 |       |       |       ||     9
         Whip              |    56 |    40 |    42 |       ||   138
         Punch             |     2 |       |       |       ||     2
         Mace              |       |       |     3 |    22 ||    25
   Cast: Foxfire           |    86 |    87 |   208 |    94 ||   475
         Scorch            |       |     5 |    63 |    39 ||   107
    Use: Scroll            |       |    12 |     1 |     6 ||    19
         Potion            |       |       |       |     4 ||     4
 Armour: Robe              |    80 |    40 |    84 |   119 ||   323
  Dodge: Dodged            |    85 |    57 |    84 |    95 ||   321

Table legend: (Time is in decaauts)
 A = Elapsed time spent in this place.
 B = Non-inter-level travel time spent in this place.
 C = Inter-level travel time spent in this place.
 D = Time resting spent in this place.
 E = Time spent auto-exploring this place.
 F = Levels seen in this place.
 G = Mean time per level.
                   A        B        C        D        E       F      G
               +--------+--------+--------+--------+--------+-----+--------+
         Total |  11375 |  11146 |    229 |      0 |   8627 |  11 | 1034.1 |
       Dungeon |  10392 |  10166 |    226 |      0 |   7952 |   9 | 1154.7 |
        Temple |      6 |      3 |      3 |      0 |      0 |   1 |    6.0 |
       Ossuary |    976 |    976 |      0 |      0 |    675 |   1 |  976.0 |
               +--------+--------+--------+--------+--------+-----+--------+

Top non-repeatable levels by time:
     D:8: 1620 daAuts
     D:3: 1552 daAuts
     D:5: 1368 daAuts
     D:6: 1202 daAuts
     D:4: 1142 daAuts
     D:1: 1117 daAuts
     D:2: 1066 daAuts
 Ossuary: 976 daAuts
     D:7: 955 daAuts
     D:9: 367 daAuts
  Temple: 6 daAuts
